 Dungeon Crawl Stone Soup version 0.28.0 (webtiles) character file.

Game seed: 5382789514628878832

34 Hasart the Shield-Bearer (level 3, -2/31 HPs)
             Began as a Demigod Fighter on Feb 10, 2022.
             Slain by Terence (6 damage)
             ... on level 2 of the Dungeon.
             The game lasted 00:01:25 (1048 turns).

Hasart the Shield-Bearer (Demigod Fighter)          Turns: 1048, Time: 00:01:26

Health: -2/31      AC:  6    Str: 17    XL:     3   Next: 1%
Magic:  5/5        EV:  9    Int: 10    God:
Gold:   15         SH:  5    Dex: 17    Spells: 2/2 levels left

rFire   . . .      SeeInvis .   a - +0 flail
rCold   . . .      Faith    .   c - +0 buckler
rNeg    . . .      Spirit   .   b - +0 scale mail
rPois   .          Reflect  .   (no helmet)
rElec   .          Harm     .   (no cloak)
rCorr   .          Rampage  .   (no gloves)
Will    .....                   (no boots)
Stlth   ..........              (no amulet)
HPRegen 0.10/turn               (no ring)
MPRegen 0.09/turn               (no ring)

@: no status effects
A: high MP 1, forlorn, divine attributes
a: no special abilities


You were on level 2 of the Dungeon.
You visited 1 branch of the dungeon, and saw 2 of its levels.

You collected 15 gold pieces.

Inventory:

Hand Weapons
 a - a +0 flail (weapon)
Armour
 b - a +0 scale mail (worn)
 c - a +0 buckler (worn)
Scrolls
 f - a scroll of blinking {unknown}
 g - a scroll of enchant weapon {unknown}
 j - a scroll of teleportation {unknown}
 k - a scroll of vulnerability {unknown}
Potions
 d - a potion of might
 e - a potion of mutation {unknown}
 h - a potion of cancellation {unknown}
 i - a potion of heal wounds {unknown}


   Skills:
 + Level 3.0 Fighting
 + Level 2.2 Maces & Flails
 + Level 3.0 Armour
 + Level 3.0 Shields


You had 2 spell levels left.
You didn't know any spells.
Your spell library was empty.

Dungeon Overview and Level Annotations

Branches:
Dungeon (2/15)

Annotations:
D:2 Terence


Innate Abilities, Weirdness & Mutations

You have an increased reservoir of magic. (+10% MP)
You shall have no god before yourself.
Your divine heritage dramatically boosts your attributes as you level up.


Message History

There is a stone staircase leading down here.
You climb downwards.
Terence shouts!
There is a stone staircase leading up here.
Terence is nearby!
You hit Terence.
Terence is moderately wounded.
Terence hits you with a +0 flail.
You hit Terence but do no damage.
Terence is moderately wounded.
Terence hits you with a +0 flail.
You hit Terence but do no damage.
Terence is moderately wounded.
Terence hits you with a +0 flail.
Terence bares his teeth.
You block Terence's attack.
You hit Terence.
Terence is heavily wounded.
Terence barely misses you.
You closely miss Terence.
Terence is heavily wounded.
Terence hits you with a +0 flail.
You hit Terence.
Terence is almost dead.
You block Terence's attack. Terence closely misses you.
You hit Terence but do no damage.
Terence is almost dead.
Terence hits you with a +0 flail.
You closely miss Terence.
Terence is almost dead.
Terence hits you with a +0 flail.
* * * LOW HITPOINT WARNING * * *
You hit Terence but do no damage.
Terence is almost dead.
Terence barely misses you. Terence hits you with a +0 flail.
* * * LOW HITPOINT WARNING * * *
You closely miss Terence.
Terence is almost dead.
Terence hits you with a +0 flail.
You die...

## .#
#..######.#
......@@<.#
...##.###.#
# ... .###
.. .# .. ##


You could see Terence.

Vanquished Creatures
  A dart slug (D:1)
  3 bats (D:1)
  3 endoplasms (D:1)
  A giant cockroach (D:1)
  3 goblins (D:1)
  5 hobgoblins (D:1)
  3 jackals (D:1)
  A kobold (D:1)
  A quokka (D:1)
  2 ball pythons (D:1)
  A frilled lizard (D:1)
  5 rats (D:1)
29 creatures vanquished.

Vanquished Creatures (others)
  A demonic plant (D:1)
  A fungus (D:1)
2 creatures vanquished.

Grand Total: 31 creatures vanquished

Notes
Turn   | Place    | Note
-------+----------+-------------------------------------------
     0 | D:1      | Hasart the Demigod Fighter began the quest for the Orb.
     0 | D:1      | Reached XP level 1. HP: 18/18 MP: 3/3
   312 | D:1      | Reached XP level 2. HP: 23/25 MP: 4/4
   861 | D:1      | Reached XP level 3. HP: 29/31 MP: 5/5
  1037 | D:2      | Noticed Terence
  1048 | D:2      | Slain by Terence

Illustrated notes

Levels and vault maps discovered:
D:1:      ebering_trefoil_3fold, layout_basic, shapermc_ecumenical_altar_gd
D:2:      layout_loops_ring, minmay_joined_circles, uniq_terence

Skill      XL: |  1  2 |
---------------+-------+-----
Maces & Flails | 2 |  2.2
Shields        | 3 |  3.0
Fighting       | 3 |  3.0
Armour         | 3 |  3.0

Action                   || total
-------------------------++-------
Melee: Flail             ||    80
Armor: Scale mail        ||    50
Dodge: Dodged            ||    68
Block: Buckler           ||    20
